 Dungeon Crawl Stone Soup version 0.21.1-1-g345015f (webtiles) character file.

43 Mgcat the Skirmisher (level 3, -1/24 HPs)
             Began as a Gargoyle Monk on Feb 11, 2018.
             Slain by Sigmund
             ... wielding a +0 scythe
              (6 damage)
             ... on level 2 of the Dungeon.
             The game lasted 00:02:35 (1012 turns).

Mgcat the Skirmisher (Gargoyle Monk)                Turns: 1012, Time: 00:02:36

Health: -1/24      AC:  9    Str: 14    XL:     3   Next: 58%
Magic:  3/3        EV: 10    Int: 10    God:
Gold:   126        SH:  0    Dex: 13    Spells: 2/2 levels left

rFire    . . .     SeeInvis .   i - -1 mace (curse)
rCold    . . .     Gourm    .   (no shield)
rNeg     + . .     Faith    .   d - +0 scale mail
rPois    ∞         Spirit   .   (no helmet)
rElec    +         Reflect  .   (no cloak)
rCorr    .         Harm     .   (no gloves)
MR       .....                  (no boots)
Stlth    +.........             (no amulet)
HPRegen  0.08/turn              (no ring)
MPRegen  0.08/turn              (no ring)

@: no status effects
A: negative energy resistance 1, electricity resistance, unbreathing,
petrification resistance, rot immunity, AC +3
a: no special abilities


You were on level 2 of the Dungeon.
You were not hungry.

You visited 1 branch of the dungeon, and saw 2 of its levels.

You collected 126 gold pieces.

Inventory:

Hand Weapons
 a - a +0 mace
 i - a cursed -1 mace (weapon)
   (You found it on level 2 of the Dungeon)
Missiles
 j - 7 steel javelins (quivered)
Armour
 b - a +0 robe
 d - a +0 scale mail (worn)
   (You found it on level 1 of the Dungeon)
Scrolls
 e - 2 scrolls of identify
 f - a scroll of random uselessness {unknown}
 g - a scroll of enchant weapon
 k - a scroll of amnesia
Comestibles
 c - 2 rations
 h - 4 chunks of flesh {@w0}


   Skills:
 + Level 4.2 Fighting
 + Level 3.8 Maces & Flails
 - Level 2.4 Dodging
 - Level 2.1 Stealth


You had 2 spell levels left.
You didn't know any spells.

Dungeon Overview and Level Annotations

Branches:
Dungeon (2/15)

Altars:

Annotations:
D:2 Sigmund


Innate Abilities, Weirdness & Mutations

You are resistant to torment.
Your stone body is resilient. (AC +3)
You are immune to poison.
You resist negative energy. (rN+)
You are resistant to electric shocks. (rElec)
You can survive without breathing.
You are immune to petrification.
You are immune to rotting.


Message History

The leopard gecko is almost dead.
The leopard gecko barely misses you.
You closely miss the leopard gecko.
The leopard gecko is almost dead.
The leopard gecko bites you but does no damage. x2
You hit the leopard gecko.
You kill the leopard gecko!
No target in view!
You butcher the leopard gecko corpse.
h - 7 chunks of flesh {@w0} (gained 2) Some of the chunks of flesh in your inventory have rotted away.
You see here a war axe.
You now have 123 gold pieces (gained 1).
Some of the chunks of flesh in your inventory have rotted away.
An adder comes into view.
The adder hisses angrily.
The adder closely misses you.
An adder is nearby!
You closely miss the adder. The adder bites you but does no damage.
You hit the adder but do no damage. The adder bites you but does no damage.
The adder closely misses you.
You hit the adder but do no damage. The adder bites you but does no damage.
You miss the adder. The adder bites you. The adder barely misses you.
You closely miss the adder.
The adder bites you but does no damage. x2
You closely miss the adder. The adder bites you but does no damage.
You closely miss the adder.
The adder bites you but does no damage. x2
You thump the adder!
The adder is severely wounded.
The adder bites you but does no damage.
You hit the adder.
The adder is almost dead.
The adder completely misses you. The adder bites you.
You hit the adder but do no damage.
The adder is almost dead.
The adder misses you.
You hit the adder.
You kill the adder!
No target in view!
No target in view!
A frilled lizard comes into view.
The frilled lizard hisses angrily.
The frilled lizard closely misses you.
You hit the frilled lizard.
You kill the frilled lizard!
No target in view!
No target in view!
You butcher the frilled lizard corpse.
h - 5 chunks of flesh {@w0} (gained 1)
You see here a frilled lizard skeleton. x2
e - 2 scrolls of identify (gained 1)
You now have 126 gold pieces (gained 3).
Found an escape hatch in the ceiling.
Marking area around Sigmund as unsafe for travelling.
Sigmund the Dreaded comes into view.
He is wielding a scythe.
Sigmund shouts!
Unknown command.
Unknown command.
Unknown command.
Sorry, you're not good enough to have a special ability.
You aren't carrying any potions.
Unknown command.
Sigmund closely misses you.
You closely miss Sigmund. You hit Sigmund but do no damage.
Sigmund barely misses you.
Your scale mail prevents you from hitting Sigmund.
Sigmund screams, "Don't try to resist!"
Sigmund hits you but does no damage.
You hit Sigmund.
Sigmund is lightly wounded.
Sigmund closely misses you.
You closely miss Sigmund.
Sigmund is lightly wounded.
Sigmund casts a spell at you.
You are confused.
You bump into the rock wall.
Sigmund points at you and mumbles some strange words.
The puff of flame hits you!
Some of the chunks of flesh in your inventory have rotted away.
Unknown command.
Unknown command.
You aren't carrying any potions.
Your scale mail prevents you from hitting Sigmund.
Sigmund is lightly wounded.
Sigmund misses you.
You hit Sigmund.
Sigmund is moderately wounded.
You hit Sigmund.
Sigmund is moderately wounded.
Sigmund closely misses you.
You closely miss Sigmund.
Sigmund is moderately wounded.
Sigmund hits you with a scythe.
You bump into the rock wall.
You feel less confused. Sigmund hits you with a scythe.
* * * LOW HITPOINT WARNING * * *
You hit Sigmund.
Sigmund is heavily wounded.
Sigmund hits you with a scythe.
You die...

## .#### ....
#.! ########@#
#.....<#@#
###........#
#........###
#######.#......#
#..............#
...............#
...##....#######
...##....#
...##....#


You could see Sigmund.

Vanquished Creatures
  2 adders (D:2)
  A dart slug (D:1)
  3 leopard geckos
  2 giant cockroaches
  A goblin (D:2)
  2 hobgoblins
  2 quokkas (D:2)
  2 bats (D:2)
  2 frilled lizards (D:2)
  2 kobolds (D:1)
  3 rats
22 creatures vanquished.

Notes
Turn   | Place    | Note
-------+----------+-------------------------------------------
     0 | D:1      | Mgcat the Gargoyle Monk began the quest for the Orb.
     0 | D:1      | Reached XP level 1. HP: 14/14 MP: 1/1
   217 | D:1      | Reached XP level 2. HP: 19/19 MP: 2/2
   644 | D:2      | Reached XP level 3. HP: 21/24 MP: 3/3
   687 | D:2      | Reached skill level 4 in Fighting
   999 | D:2      | Noticed Sigmund
  1011 | D:2      | HP: 5/24 [Sigmund/scythe (5)]
  1012 | D:2      | Slain by Sigmund

Skill      XL: |  1  2  3 |
---------------+----------+-----
Fighting       | 4 |  4.2
Maces & Flails | |  3.8
Dodging        | |  2.4
Stealth        | |  2.1

Action                   || total
-------------------------++-------
Melee: Mace              ||    86
  Use: Scroll            ||     2
Armor: Scale mail        ||    55
       Robe              ||     2
Dodge: Dodged            ||    61

Vault maps used:
D:1:      dpeg_arrival_arbitrary_c
D:2:      uniq_sigmund

Table legend:
 A = Turns spent in this place as a percentage of turns spent in the entire game.
 B = Non-inter-level travel turns spent in this place as a percentage of non-inter-level travel turns spent in the entire game.
 C = Inter-level travel turns spent in this place as a percentage of turns spent in this place.
 D = Turns resting spent in this place as a percentage of non-inter-level travel turns spent in this place.
 E = Turns spent auto-exploring this place as a percentage of non-inter-level travel turns spent in this place.
 F = Non-inter-level travel turns spent in this place divided by the number of levels of this place that you've seen.
                   A       B       C       D       E      F
               +-------+-------+-------+-------+-------+----------------------
         Total | 100.0 | 100.0 |   5.5 |   0.0 |  78.5 | 478.0
       Dungeon | 100.0 | 100.0 |   5.5 |   0.0 |  78.5 | 478.0
               +-------+-------+-------+-------+-------+----------------------

Table legend:
 A = Kills in this place as a percentage of kills in entire the game.
 B = Kills by you in this place as a percentage of kills by you in the entire game.
 C = Kills by friends in this place as a percentage of kills by friends in the entire game.
 D = Other kills in this place as a percentage of other kills in the entire game.
 E = Experience gained in this place as a percentage of experience gained in the entire game.
 F = Experience gained in this place divided by the number of levels of this place that you have seen.
                   A       B       C       D       E      F
               +-------+-------+-------+-------+-------+----------------------
         Total | 100.0 | 100.0 |   N/A |   N/A | 100.0 |  31.0
       Dungeon | 100.0 | 100.0 |   N/A |   N/A | 100.0 |  31.0
               +-------+-------+-------+-------+-------+----------------------
